 Dungeon Crawl Stone Soup version 0.19.4-9-g45fd643 (webtiles) character file.

53 Camlann the Changer (level 3, 0/25 HPs)
             Began as an Octopode Transmuter on Feb 19, 2017.
             Slain by a goblin
             ... wielding a +0 club
             ... led by Robin
              (3 damage)
             ... on level 1 of the Dungeon.
             The game lasted 00:02:33 (1312 turns).

Camlann the Changer (Octopode Transmuter)           Turns: 1312, Time: 00:02:34

Health: 0/25       AC:  1    Str:  9    XL:     3   Next: 87%
Magic:  6/6        EV: 13    Int: 16    God:
Gold:   70         SH:  0    Dex: 12    Spells: 1 memorised, 5 levels left

rFire  . . .     SeeInvis .       - Unarmed
rCold  . . .     Gourm    .     (no shield)
rNeg   . . .     Faith    .     (helmet restricted)
rPois  .         Spirit   .     (no amulet)
rElec  .         Reflect  .     (no ring)
rCorr  .         Harm     .     (no ring)
MR     .....                    (no ring)
Stlth  ++........               (no ring)
                                (no ring)
                                (no ring)
                                (no ring)
                                (no ring)

@: no status effects
A: almost no armour, stealthy swim, amphibious, 8 rings, constrict 8, camouflage
1, gelatinous body 1
a: no special abilities


You were on level 1 of the Dungeon.
You were very hungry.

You visited 1 branch of the dungeon, and saw 2 of its levels.

You collected 70 gold pieces.

Inventory:

Missiles
 a - 12 arrows
Scrolls
 e - a scroll of immolation {unknown}
Books
 b - a book of Changes

   Spells                             Type                      Level
   a - Beastly Appendage              Transmutation                1
   b - Sticks to Snakes               Transmutation                2
   c - Spider Form                    Transmutation/Poison         3
   d - Ice Form                       Ice/Transmutation            4
   e - Blade Hands                    Transmutation                5
Comestibles
 c - 2 bread rations


   Skills:
 + Level 2.5 Fighting
 - Level 2.0 Dodging
 - Level 3.0 Unarmed Combat
 - Level 2.0 Spellcasting
 + Level 3.2 Transmutations


You had 5 spell levels left.
You knew the following spells:

 Your Spells              Type           Power        Failure   Level  Hunger
a - Beastly Appendage     Tmut           ##....       8%          1    #......


Dungeon Overview and Level Annotations

Branches:
Dungeon (2/15)

Altars:

Annotations:
D:2 Robin


Innate Abilities, Weirdness & Mutations

You cannot wear most types of armour.
You are very stealthy in the water. (Stealth+)
You are amphibious.
You can wear up to eight rings at the same time.
You can use your tentacles to constrict eight enemies at once.
Your skin changes colour to match your surroundings (Stealth+).
Your rubbery body absorbs attacks. (AC +1, EV +1)


Message History

The goblin hits you with a club.
* * * LOW HITPOINT WARNING * * *
The goblin no longer looks unusually strong.
Robin roars a battlecry!
The goblin goes into a battle-frenzy!
The goblin no longer looks unusually strong.
Robin says, "Duck!"
Robin roars a battlecry!
The goblin goes into a battle-frenzy!
Robin says, "A pitiful Octopus like you will never find the ORB!"
Here: a goblin, wielding a club (unusually strong)
The floor.
The goblin no longer looks unusually strong.
Robin roars a battlecry!
The goblin goes into a battle-frenzy!
There is a stone staircase leading up here.
You climb upwards.
There is a stone staircase leading down here.
The goblin hits you with a club.
You die...

..# #.# #.#### #.#####.### .##
#.# #.# #######.......... .# #.#
#.# #.............### .## ###.#
#.# #.#####..####....
..#####...###.###.# #..# #.###
).#.....#.........# #..####.#
.......###.###.#### #....##.##
....##..#..###.#########.......#
....###........g@.........#....#
.....####........##.####.......#
......# #.####.####.# ###.#####
(....## #.# #.####.# #.# ....##
#.# #......## #.# ....# #.#
#####...#####.# #.#.# #.#
#.........# ..#.# #.#
#...####### ..#.# #.#########.##


You could see a goblin.

Vanquished Creatures
  An adder (D:2)
  4 bats (D:1)
  2 giant cockroaches (D:1)
  8 goblins
  5 hobgoblins
  7 jackals (D:1)
  3 frilled lizards (D:1)
  2 kobolds
  5 rats
37 creatures vanquished.

Notes
Turn   | Place    | Note
-------+----------+-------------------------------------------
     0 | D:1      | Camlann the Octopode Transmuter began the quest for the Orb.
     0 | D:1      | Reached XP level 1. HP: 13/13 MP: 3/3
   124 | D:1      | Reached XP level 2. HP: 18/18 MP: 5/5
   642 | D:1      | Reached XP level 3. HP: 21/24 MP: 6/6
  1270 | D:2      | Noticed Robin
  1282 | D:2      | HP: 1/25 [goblin/club[Robin] (2)]
  1312 | D:1      | Slain by a goblin

Skill      XL: |  1  2  3 |
---------------+----------+-----
Fighting       | 2 |  2.5
Transmutations | 3 |  3.2
Dodging        | |  2.0
Unarmed Combat | |  3.0
Spellcasting   | |  2.0

Action                   || total
-------------------------++-------
Melee: Unarmed           ||    85
       Constrict         ||    22
       Tentacles         ||    17
       Punch             ||     2
  Use: Scroll            ||     1
       Potion            ||     2
 Stab: Sleeping          ||     6
       Distracted        ||     1
Armor: Skin              ||     9
Dodge: Dodged            ||    46
